PBL
JOPLIN BLASTERS @ VICTORIA CAPITALS
10/03/2046
 
TOP OF THE 1ST
Joplin Blasters batting - Pitching for Victoria Capitals : LHP Carlos Munoz
Pitching: LHP Carlos Munoz
Batting: RHB Mike Bearden 0-0: Swinging Strike
0-1: Called Strike
0-2: Ball
1-2: Ball
2-2: Strikes out swinging
Batting: SHB Bill Ertl 0-0: Foul Ball, location: 2F
0-1: Foul Ball, location: 2F
0-2: Foul Ball, location: 2F
0-2: DOUBLE (Line Drive, 3D, EV 94.4 MPH)
Batting: LHB Pablo Serrato 0-0: Ball
1-0: Foul Ball, location: 2F
1-1: Called Strike
1-2: Ball
2-2: Strikes out swinging
Batting: RHB Junro Kato 0-0: Ball
1-0: Foul Ball, location: 2F
1-1: Ball
2-1: Ball
3-1: Base on Balls
Batting: RHB Ian Hornsby 0-0: Swinging Strike
0-1: Foul Ball, location: 2F
0-2: Ball
1-2: Ball
2-2: Strikes out swinging
Top of the 1st over - 0 runs, 1 hit, 0 errors, 2 left on base; Joplin 0 - Victoria 0
BOTTOM OF THE 1ST
Victoria Capitals batting - Pitching for Joplin Blasters : RHP Victor Maravilla
Pitching: RHP Victor Maravilla
Batting: LHB Jason Kinney 0-0: Ball
1-0: Foul Ball, location: 2F
1-1: Swinging Strike
1-2: Foul Ball, location: 2F
1-2: Ball
2-2: Ground out U3 (Groundball, 3L, EV 80.0 MPH)
Batting: RHB Victor Ramirez 0-0: Ball
1-0: Called Strike
1-1: Ball
2-1: Foul Ball, location: 2F
2-2: Ground out U3 (Groundball, 3, EV 86.9 MPH)
Batting: LHB Chris Jackson 0-0: Ball
1-0: Ball
2-0: Ball
3-0: Called Strike
3-1: Called Strike
3-2: SINGLE (Flyball, 8LS, EV 91.2 MPH)
Batting: RHB Jose Zuniga 0-0: Foul Ball, location: 2F
0-1: Ball
1-1: Called Strike
1-2: Foul Ball, location: 2F
1-2: Foul Ball, location: 2F
1-2: Ball
2-2: Ball
3-2: Fly out, F9 (Flyball, 89M, EV 95.0 MPH)
Bottom of the 1st over - 0 runs, 1 hit, 0 errors, 1 left on base; Joplin 0 - Victoria 0
TOP OF THE 2ND
Joplin Blasters batting - Pitching for Victoria Capitals : LHP Carlos Munoz
Batting: RHB Jason Conner 0-0: Ball
1-0: Ground out 4-3 (Groundball, 6MS, EV 87.5 MPH)
Batting: RHB Ben Mills 0-0: Ball
1-0: Foul Ball, location: 2F
1-1: Ball
2-1: Called Strike
2-2: Foul Ball, location: 2F
2-2: Strikes out looking
Batting: RHB Bobby Leon 0-0: Fly out, F6 (Popup, 6MD, EV 50.6 MPH)
Top of the 2nd over - 0 runs, 0 hits, 0 errors, 0 left on base; Joplin 0 - Victoria 0
BOTTOM OF THE 2ND
Victoria Capitals batting - Pitching for Joplin Blasters : RHP Victor Maravilla
Batting: LHB William Gonzales 0-0: Called Strike
0-1: Foul Ball, location: 2F
0-2: Ball
1-2: Ball
2-2: Strikes out looking
Batting: RHB Eddie Luna 0-0: Ball
1-0: Foul Ball, location: 2F
1-1: Ball
2-1: Ball
3-1: Swinging Strike
3-2: Foul Ball, location: 2F
3-2: Strikes out looking
Batting: RHB Ricky Ramirez 0-0: Fly out, F8 (Flyball, 89M, EV 90.0 MPH)
Bottom of the 2nd over - 0 runs, 0 hits, 0 errors, 0 left on base; Joplin 0 - Victoria 0
TOP OF THE 3RD
Joplin Blasters batting - Pitching for Victoria Capitals : LHP Carlos Munoz
Batting: RHB Carlos Castillo 0-0: Ball
1-0: Fly out, F7 (Flyball, 7, EV 88.8 MPH)
Batting: RHB Mike Bearden 0-0: Called Strike
0-1: Ball
1-1: Ball
2-1: Called Strike
2-2: Strikes out swinging
Batting: SHB Bill Ertl 0-0: Swinging Strike
0-1: Ball
1-1: Swinging Strike
1-2: Ball
2-2: Strikes out looking
Top of the 3rd over - 0 runs, 0 hits, 0 errors, 0 left on base; Joplin 0 - Victoria 0
BOTTOM OF THE 3RD
Victoria Capitals batting - Pitching for Joplin Blasters : RHP Victor Maravilla
Batting: RHB Ziven Badersky 0-0: Called Strike
0-1: Foul Ball, location: 2F
0-2: Ball
1-2: Ball
2-2: Ground out 4-3 (Groundball, 4, EV 82.5 MPH)
Batting: RHB Joaquin Salazar 0-0: Ball
1-0: Ball
2-0: Swinging Strike
2-1: Fly out, F8 (Flyball, 8RD, EV 81.2 MPH)
Batting: LHB Jason Kinney 0-0: Ball
1-0: Foul Ball, location: 2F
1-1: Foul Ball, location: 2F
1-2: Foul Ball, location: 2F
1-2: Ball
2-2: Fly out, F3 (Popup, 23F, EV 89.4 MPH)
Bottom of the 3rd over - 0 runs, 0 hits, 0 errors, 0 left on base; Joplin 0 - Victoria 0
TOP OF THE 4TH
Joplin Blasters batting - Pitching for Victoria Capitals : LHP Carlos Munoz
Batting: LHB Pablo Serrato 0-0: Ball
1-0: Called Strike
1-1: Foul Ball, location: 2F
1-2: Ball
2-2: Ball
3-2: Foul Ball, location: 2F
3-2: Base on Balls
Batting: RHB Junro Kato 0-0: Ball
1-0: Ball
2-0: Called Strike
2-1: 2-RUN HOME RUN (Flyball, 78XD, EV 98.8 MPH), Distance : 391 ft
Batting: RHB Ian Hornsby 0-0: Ball
1-0: Foul Ball, location: 2F
1-1: Called Strike
1-2: Strikes out swinging
Batting: RHB Jason Conner 0-0: Fly out, F9 (Flyball, 89S, EV 95.0 MPH)
Batting: RHB Ben Mills 0-0: Foul Ball, location: 2F
0-1: Ball
1-1: Ball
2-1: Foul Ball, location: 2F
2-2: Foul Ball, location: 2F
2-2: Foul Ball, location: 2F
2-2: Foul Ball, location: 2F
2-2: Foul Ball, location: 2F
2-2: Strikes out swinging
Top of the 4th over - 2 runs, 1 hit, 0 errors, 0 left on base; Joplin 2 - Victoria 0
BOTTOM OF THE 4TH
Victoria Capitals batting - Pitching for Joplin Blasters : RHP Victor Maravilla
Batting: RHB Victor Ramirez 0-0: Ball
1-0: Ball
2-0: Called Strike
2-1: SINGLE (Groundball, 34D, EV 98.1 MPH)
Batting: LHB Chris Jackson 0-0: Called Strike
0-1: Swinging Strike
0-2: Ball
1-2: Strikes out swinging
Batting: RHB Jose Zuniga 0-0: Called Strike
0-1: Ball
1-1: Called Strike
1-2: Ball
2-2: Foul Ball, location: 2F
2-2: Strikes out swinging
Batting: LHB William Gonzales 0-0: Ball
1-0: Ball
2-0: Foul Ball, location: 2F
2-1: Fielders Choice at 2nd, 5-4 (Groundball, 5, EV 106.9 MPH)
Bottom of the 4th over - 0 runs, 1 hit, 0 errors, 1 left on base; Joplin 2 - Victoria 0
TOP OF THE 5TH
Joplin Blasters batting - Pitching for Victoria Capitals : LHP Carlos Munoz
Batting: RHB Bobby Leon 0-0: Ball
1-0: SINGLE (Groundball, 6MD, EV 108.1 MPH)
Batting: RHB Carlos Castillo 0-0: Ball
1-0: SINGLE (Line Drive, 6D, EV 98.1 MPH)
Bobby Leon to second
Batting: RHB Mike Bearden 0-0: Ball
1-0: Fly out, F9 (Flyball, 9, EV 89.4 MPH)
Batting: SHB Bill Ertl 0-0: Called Strike
0-1: Fly out, F8 (Flyball, 89S, EV 82.5 MPH)
Batting: LHB Pablo Serrato 0-0: Foul Ball, location: 2F
0-1: Foul Ball, location: 2F
0-2: Ball
1-2: Ball
2-2: SINGLE (Flyball, 34D, EV 83.8 MPH)
Bobby Leon to third
Carlos Castillo to second
Runner from 3rd tries for Home, SAFE, throw by RF to home
Pitching: RHP Mario Mata
Batting: RHB Junro Kato 0-0: Ground out 3-1 (Groundball, 34S, EV 80.6 MPH)
Top of the 5th over - 1 run, 3 hits, 0 errors, 2 left on base; Joplin 3 - Victoria 0
BOTTOM OF THE 5TH
Victoria Capitals batting - Pitching for Joplin Blasters : RHP Victor Maravilla
Batting: RHB Eddie Luna 0-0: Foul Ball, location: 2F
0-1: Ball
1-1: Ball
2-1: Reached on error, E8 (Flyball, 89D, EV 86.9 MPH)
Batting: RHB Ricky Ramirez 0-0: Swinging Strike
0-1: Swinging Strike
0-2: Ball
1-2: Strikes out swinging
Batting: RHB Ziven Badersky 0-0: Ball
1-0: Ball
2-0: Ball
3-0: Base on Balls
Batting: RHB Joaquin Salazar 0-0: Called Strike
Eddie Luna steals 3rd base
Ziven Badersky to second
0-1: Foul Ball, location: 2F
0-2: Ball
1-2: Ball
2-2: Foul Ball, location: 2F
2-2: Foul Ball, location: 2F
2-2: Fly out, F8 (Flyball, 8RM, EV 89.4 MPH)
Runner from 3rd tags up, SCORES, throw by CF
Batting: LHB Jason Kinney 0-0: Ball
1-0: Ball
2-0: Called Strike
2-1: Foul Ball, location: 2F
2-2: Ball
3-2: Foul Ball, location: 2F
3-2: Base on Balls
Batting: RHB Victor Ramirez 0-0: Called Strike
0-1: Called Strike
0-2: Foul Ball, location: 2F
0-2: Fly out, F8 (Flyball, 8RD, EV 86.2 MPH)
Bottom of the 5th over - 1 run, 0 hits, 1 error, 2 left on base; Joplin 3 - Victoria 1
TOP OF THE 6TH
Joplin Blasters batting - Pitching for Victoria Capitals : RHP Mario Mata
Batting: RHB Ian Hornsby 0-0: SINGLE (Line Drive, 9LS, EV 88.1 MPH)
Batting: RHB Jason Conner 0-0: Foul Ball, location: 2F
0-1: Called Strike
0-2: Strikes out swinging
Batting: RHB Ben Mills 0-0: Bunted foul
0-1: Bunted foul
0-2: Bunted foul, Strikeout!
Batting: RHB Bobby Leon 0-0: Fly out, F8 (Line Drive, 8RD, EV 88.1 MPH)
Top of the 6th over - 0 runs, 1 hit, 0 errors, 1 left on base; Joplin 3 - Victoria 1
BOTTOM OF THE 6TH
Victoria Capitals batting - Pitching for Joplin Blasters : RHP Victor Maravilla
Batting: LHB Chris Jackson 0-0: Called Strike
0-1: Called Strike
0-2: Strikes out swinging
Batting: RHB Jose Zuniga 0-0: Ball
1-0: Foul Ball, location: 2F
1-1: Called Strike
1-2: Ground out 6-3 (Groundball, 6, EV 105.0 MPH)
Batting: LHB William Gonzales 0-0: Swinging Strike
0-1: Foul Ball, location: 2F
0-2: Fly out, F8 (Line Drive, 8LD, EV 100.6 MPH)
Bottom of the 6th over - 0 runs, 0 hits, 0 errors, 0 left on base; Joplin 3 - Victoria 1
TOP OF THE 7TH
Joplin Blasters batting - Pitching for Victoria Capitals : RHP Mario Mata
Batting: RHB Carlos Castillo 0-0: Fly out, F7 (Flyball, 78M, EV 88.1 MPH)
Batting: RHB Mike Bearden 0-0: Ball
1-0: Ball
2-0: Foul Ball, location: 2F
2-1: Ball
3-1: Base on Balls
Batting: SHB Bill Ertl 0-0: Called Strike
0-1: Ball
1-1: Ground out 6-3 (Groundball, P, EV 86.2 MPH)
Mike Bearden to second
Batting: LHB Pablo Serrato 0-0: Ball
1-0: Ball
2-0: Ball
3-0: Called Strike
3-1: Called Strike
3-2: Strikes out swinging
Top of the 7th over - 0 runs, 0 hits, 0 errors, 1 left on base; Joplin 3 - Victoria 1
BOTTOM OF THE 7TH
Victoria Capitals batting - Pitching for Joplin Blasters : RHP Victor Maravilla
Pitching: RHP Oscar Cisneros
Batting: RHB Eddie Luna 0-0: Swinging Strike
0-1: Foul Ball, location: 2F
0-2: Ball
1-2: Strikes out looking
Batting: RHB Ricky Ramirez 0-0: Ball
1-0: Ball
2-0: Called Strike
2-1: Ball
3-1: Fly out, F9 (Flyball, 9D, EV 102.5 MPH)
Batting: RHB Ziven Badersky 0-0: Called Strike
0-1: Called Strike
0-2: Ball
1-2: Foul Ball, location: 2F
1-2: Foul Ball, location: 2F
1-2: Ball
2-2: Foul Ball, location: 2F
2-2: Foul Ball, location: 2F
2-2: Ball
3-2: Foul Ball, location: 2F
3-2: Base on Balls
Pitching: RHP Joey Ferguson
Pinch Hitting: SHB Raghnall Ahearne 0-0: Called Strike
0-1: Foul Ball, location: 2F
0-2: Strikes out swinging
Bottom of the 7th over - 0 runs, 0 hits, 0 errors, 1 left on base; Joplin 3 - Victoria 1
TOP OF THE 8TH
Joplin Blasters batting - Pitching for Victoria Capitals : RHP Mario Mata
Now in CF: Raghnall Ahearne
Batting: RHB Junro Kato 0-0: Called Strike
0-1: Called Strike
0-2: Ball
1-2: Ball
2-2: Ball
3-2: Foul Ball, location: 2F
3-2: Fly out, F7 (Flyball, 7S, EV 93.1 MPH)
Batting: RHB Ian Hornsby 0-0: Called Strike
0-1: Ball
1-1: SOLO HOME RUN (Flyball, 78XD, EV 100.0 MPH), Distance : 384 ft
Pitching: RHP Ke-yong Khoo
Batting: RHB Jason Conner 0-0: Ball
1-0: Ball
2-0: Ball
3-0: Called Strike
3-1: Base on Balls
Batting: RHB Ben Mills 0-0: Sac Bunt to 25 - play at first, batter OUT! 5-3
Jason Conner to second
Batting: RHB Bobby Leon 0-0: Called Strike
0-1: Ball
1-1: Called Strike
1-2: Foul Ball, location: 2F
1-2: Strikes out swinging
Top of the 8th over - 1 run, 1 hit, 0 errors, 1 left on base; Joplin 4 - Victoria 1
BOTTOM OF THE 8TH
Victoria Capitals batting - Pitching for Joplin Blasters : RHP Joey Ferguson
Batting: LHB Jason Kinney 0-0: Called Strike
0-1: Ball
1-1: Called Strike
1-2: Foul Ball, location: 2F
1-2: Strikes out swinging
Batting: RHB Victor Ramirez 0-0: Ball
1-0: Foul Ball, location: 2F
1-1: Foul Ball, location: 2F
1-2: Ball
2-2: Strikes out looking
Batting: LHB Chris Jackson 0-0: Ball
1-0: Called Strike
1-1: Ball
2-1: Foul Ball, location: 2F
2-2: Ball
3-2: Base on Balls
Pitching: LHP Bin Ya
Batting: RHB Jose Zuniga 0-0: Swinging Strike
0-1: Ball
1-1: Foul Ball, location: 2F
1-2: Strikes out swinging, 2-3 out at first.
Bottom of the 8th over - 0 runs, 0 hits, 0 errors, 1 left on base; Joplin 4 - Victoria 1
TOP OF THE 9TH
Joplin Blasters batting - Pitching for Victoria Capitals : RHP Ke-yong Khoo
Batting: RHB Carlos Castillo 0-0: Foul Ball, location: 2F
0-1: Ball
1-1: Ball
2-1: Fly out, F8 (Flyball, 8RD, EV 85.0 MPH)
Batting: RHB Mike Bearden 0-0: Swinging Strike
0-1: Ball
1-1: Swinging Strike
1-2: Ball
2-2: Foul Ball, location: 2F
2-2: Strikes out swinging
Pitching: RHP Luis Pantoja
Batting: SHB Bill Ertl 0-0: Called Strike
0-1: Ball
1-1: Swinging Strike
1-2: Ball
2-2: Strikes out swinging
Top of the 9th over - 0 runs, 0 hits, 0 errors, 0 left on base; Joplin 4 - Victoria 1
BOTTOM OF THE 9TH
Victoria Capitals batting - Pitching for Joplin Blasters : LHP Bin Ya
Batting: LHB William Gonzales 0-0: Ball
1-0: DOUBLE (Line Drive, 8LXD, EV 105.6 MPH)
Batting: RHB Eddie Luna 0-0: Swinging Strike
0-1: SINGLE (Groundball, 3D, EV 97.5 MPH)
William Gonzales to third
Batting: RHB Ricky Ramirez
Pinch Hitting: RHB Jung-wan Aan 0-0: Ball
1-0: Ball
2-0: Ball
3-0: Called Strike
3-1: Foul Ball, location: 2F
3-2: Foul Ball, location: 2F
3-2: Base on Balls
Eddie Luna to second
Batting: RHB Ziven Badersky 0-0: Ball
1-0: Swinging Strike
1-1: Swinging Strike
1-2: Ball
2-2: Ball
3-2: Foul Ball, location: 2F
3-2: Strikes out swinging
Pitching: LHP Tristan Irwin
Batting: SHB Raghnall Ahearne 0-0: Ball
1-0: Foul Ball, location: 2F
1-1: Foul Ball, location: 2F
1-2: Strikes out swinging
Batting: LHB Jason Kinney 0-0: Ball
1-0: Swinging Strike
1-1: Called Strike
1-2: Foul Ball, location: 2F
1-2: Strikes out swinging
Bottom of the 9th over - 0 runs, 2 hits, 0 errors, 3 left on base; Joplin 4 - Victoria 1
Tuesday, September 13th , 2022 - OOTP Baseball 23.7 Build 88